 Dungeon Crawl Stone Soup version 0.31-a0-986-g5e6e4ef867 (webtiles) character file.

Game seed: 14430714829237097183

35 lunkers the Cudgeller (level 3, -7/15 (30) HPs)
             Began as a Meteoran Reaver on Nov 20, 2023.
             Killed by divine providence
             ... invoked by an orc priest
              (14 damage)
             ... on level 3 of the Dungeon.
             The game lasted 00:01:01 (639 turns).

lunkers the Cudgeller (Meteoran Reaver)              Turns: 639, Time: 00:01:02

HP:   -7/15 (30)    AC:  3    Str: 13    XL:     3   Next: 76%
MP:   5/8           EV: 12    Int: 14    God:
Gold: 116           SH:  0    Dex: 15    Spells: 4/7 levels left

rFire   . . .        a - +0 mace
rCold   . . .        (no shield)
rNeg    . . .        b - +0 leather armour
rPois   .            (no helmet)
rElec   .            (no cloak)
rCorr   .            (no gloves)
SInv    .            (no boots)
Will    .....        (no amulet)
Stlth   +            (no ring)
HPRegen 0.22/turn    (no ring)
MPRegen 0.11/turn

%: no passive effects
@: glowing, extremely drained
A: sense surroundings 1, otherworldly, glowing, explore regen
a: no special abilities


You were on level 3 of the Dungeon.
You visited 1 branch of the dungeon, and saw 3 of its levels.

You collected 116 gold pieces.

Inventory:

Hand Weapons
 a - a +0 mace (weapon)
Armour
 b - a +0 leather armour (worn)
Jewellery
 c - a +6 ring of dexterity
Scrolls
 e - a scroll of teleportation {unknown}
Potions
 d - 2 potions of might {unknown}


   Skills:
 + Level 2.7 Fighting
 * Level 5.0 Maces & Flails
 + Level 2.7 Dodging
 - Level 2.6 Spellcasting
 - Level 3.6 Conjurations


You had 4 spell levels left.
You knew the following spells:

 Your Spells              Type           Power      Damage    Failure   Level
b - Momentum Strike       Conj/Tloc      12%        3d8       21%         2
p - Kiss of Death         Conj/Necr      24%        2d7       14%         1

Your spell library contained the following spells:

 Spells                   Type           Power      Damage    Failure   Level
 Hailstorm                Conj/Ice       6%         3d4       38%         3


Dungeon Overview and Level Annotations

Branches:
Dungeon (3/15) Zot: 1145

Altars:
Uskayaw


Innate Abilities, Weirdness & Mutations

You passively map a small area around you.
You are easily found by Zot.
You glow in the dark.
You regain HP and MP as you explore.


Message History

You hit the orc priest.
The orc priest is moderately wounded.
You barely miss the orc. The orc closely misses you.
You hit the orc but do no damage. The orc closely misses you.
An orc comes into view. It is wielding a +0 club.
The orc priest calls down the wrath of Beogh upon you.
Beogh smites you!
* * * LOW HITPOINT WARNING * * *
The orc shouts!
Aiming: Kiss of Death (safe; 14% risk of failure)
Press: ? - help, Q - select action, (/) - cycle Shift-Dir - straight line, f - orc
Aim: an orc, wielding a +0 flail and wearing a +0 ring mail (100% to hit)
The negative energy hits the orc.
The orc is drained!
You kill the orc!
You feel drained.
Your Maces & Flails skill increases to level 5!
Unknown command.
Aiming: Kiss of Death (safe; 14% risk of failure)
Press: ? - help, Q - select action, (/) - cycle Shift-Dir - straight line, f - orc priest
Aim: an orc priest, wielding a +0 dagger (moderately wounded, 100% to hit)
The negative energy hits the orc priest.
The orc priest is drained!
The orc priest is almost dead.
You feel drained.
The orc priest mumbles some strange prayers to Beogh against you.
Beogh smites you!
Ouch! That really hurt!
* * * LOW HITPOINT WARNING * * *
Unknown command.
Aiming: Kiss of Death (safe; 14% risk of failure)
Press: ? - help, Q - select action, (/) - cycle Shift-Dir - straight line, f/p - orc priest
Aim: an orc priest, wielding a +0 dagger (almost dead, heavily drained, 100% to hit)
The negative energy hits the orc priest!
The orc priest is drained!
You kill the orc priest!
You feel drained.
The orc priest mumbles some strange prayers to Beogh against you.
Beogh smites you!
Ouch! That really hurt!
You die...

.#..##..###
* #.#
#...........
#.#
#####......#
, ...
##...... #o#
** #.....#
#o# ##...##
#o# #.###
#)# #+* #@#
* #.###
#.#.## * ,
,, #....####
, ##.......+
, #.....####
, , #.....#
, #...#.# ,,
* #####.#


You could see an orc priest and 2 orcs.

Vanquished Creatures
  An orc priest (D:3)
  A worm (D:2)
  An orc (D:3)
  3 endoplasms
  3 giant cockroaches
  3 goblins
  2 hobgoblins
  4 jackals (D:3)
  A quokka (D:3)
  3 ball pythons
  A bat (D:2)
  A frilled lizard (D:3)
  4 rats
28 creatures vanquished.

Notes
Turn   | Place    | Note
-------+----------+-------------------------------------------
     0 | D:1      | lunkers the Meteoran Reaver began the quest for the Orb.
     0 | D:1      | Reached XP level 1. HP: 17/17 MP: 5/5
   170 | D:1      | Reached XP level 2. HP: 22/25 MP: 6/6
   190 | D:1      | Learned a level 2 spell: Momentum Strike
   296 | D:2      | Reached XP level 3. HP: 22/30 MP: 8/8
   412 | D:3      | Noticed a +0 falchion
   412 | D:3      | Noticed a +0 dagger
   412 | D:3      | Noticed a +0 dagger
   413 | D:3      | Noticed a +0 short sword
   413 | D:3      | Noticed a +0 spear
   415 | D:3      | Noticed a +0 spear
   415 | D:3      | Noticed a +0 falchion
   415 | D:3      | Noticed a +0 short sword
   419 | D:3      | Found a hide-covered altar of Uskayaw.
   638 | D:3      | Reached skill level 5 in Maces & Flails
   639 | D:3      | Killed from afar by an orc priest

Illustrated notes

Levels and vault maps discovered:
D:1:      ebering_hopf_link, layout_loops_corners
D:2:      layout_rooms, minmay_misc_feat_more_columns,
          kennysheep_generic_room_13
D:3:      layout_loops_corners, nicolae_uskayaw_en_pointe, doesnt_xom_only_xom,
          hangedman_decor_push

Skill      XL: |  1  2  3 |
---------------+----------+-----
Maces & Flails | 5 |  5.0
Fighting       | |  2.7
Dodging        | |  2.7
Spellcasting   | |  2.6
Conjurations   | |  3.6

Action                     || total
---------------------------++-------
  Melee: Mace              ||    92
   Cast: Kiss of Death     ||     3
 Armour: Leather armour    ||    43
  Dodge: Dodged            ||    57

Table legend: (Time is in decaauts)
 A = Elapsed time spent in this place.
 B = Non-inter-level travel time spent in this place.
 C = Inter-level travel time spent in this place.
 D = Time resting spent in this place.
 E = Time spent auto-exploring this place.
 F = Levels seen in this place.
 G = Mean time per level.
                   A        B        C        D        E       F      G
               +--------+--------+--------+--------+--------+-----+--------+
         Total |    653 |    653 |      0 |      0 |    429 |   3 |  217.7 |
       Dungeon |    653 |    653 |      0 |      0 |    429 |   3 |  217.7 |
               +--------+--------+--------+--------+--------+-----+--------+

Top non-repeatable levels by time:
     D:3: 301 daAuts
     D:1: 196 daAuts
     D:2: 155 daAuts
